 Dungeon Crawl Stone Soup version 0.30-a0-170-g85af917532 (webtiles) character file.

Game seed: 18301441420886857580

1 NinjaNoafa the Chiller (level 1, 0/14 HPs)
             Began as a Ghoul Ice Elementalist on Sept 30, 2022.
             Slain by a jackal (1 damage)
             ... on level 1 of the Dungeon.
             The game lasted 00:00:22 (121 turns).

NinjaNoafa the Chiller (Ghoul Ice Elementalist)      Turns: 121, Time: 00:00:23

Health: 0/14       AC:  2    Str: 11    XL:     1   Next: 20%
Magic:  1/2        EV: 12    Int: 10    God:
Gold:   35         SH:  0    Dex:  9    Spells: 2/3 levels left

rFire   . . .      SeeInvis .    d - +0 short sword
rCold   + . .      Faith    .    (no shield)
rNeg    + + +      Spirit   .    a - +0 robe
rPois   ∞          Reflect  .    (no helmet)
rElec   .          Harm     .    (no cloak)
rCorr   .          Rampage  .    (no gloves)
Will    .....                    (no boots)
Stlth   ++........               (no amulet)
HPRegen 0.00/turn                (no ring)
MPRegen 0.08/turn                (no ring)

@: inhibited regen
A: claws 1, cold resistance 1, negative energy resistance 3, inhibited
regeneration, torment resistance 2, devour on kill
a: no special abilities


You were on level 1 of the Dungeon.
You visited 1 branch of the dungeon, and saw 1 of its levels.

You collected 35 gold pieces.

Inventory:

Hand Weapons
 d - a +0 short sword (weapon)
Missiles
 c - 12 stones
Armour
 a - a +0 robe (worn)


   Skills:
 - Level 1.7 Dodging
 - Level 2.1 Stealth
 + Level 1.8 Spellcasting
 + Level 4.4 Ice Magic


You had 2 spell levels left.
You knew the following spells:

 Your Spells              Type           Power      Damage    Failure   Level
a - Freeze                Ice            36%        1d6       5%          1

Your spell library contained the following spells:

 Spells                   Type           Power      Damage    Failure   Level
 Frozen Ramparts          Ice            18%        1d3       16%         3
 Ozocubu's Armour         Ice            9%         N/A       16%         3
 Summon Ice Beast         Ice/Summ       5%         N/A       77%         4


Dungeon Overview and Level Annotations

Branches:
Dungeon (1/15)

Altars:


Innate Abilities, Weirdness & Mutations

You are immune to poison.
You have sharp fingernails.
Your flesh is cold resistant. (rC+)
You are immune to negative energy. (rN+++)
You do not regenerate when monsters are visible.
You are immune to unholy pain and torment.
You thrive by killing the living.


Message History

The jackal barks! x3
There is an open door here.
You freeze the jackal.
The jackal is moderately wounded.
The jackal barely misses you.
You freeze the jackal.
The jackal is severely wounded.
The jackal barely misses you. The jackal bites you.
The jackal attacks as you move away! The jackal bites you.
The jackal bites you but does no damage.
The jackal closely misses you.
There is an open door here.
You completely miss the jackal. Your claw misses the jackal.
The jackal closely misses you.
The jackal bites you but does no damage.
The jackal barely misses you. x2
You closely miss the jackal.
The jackal is severely wounded.
The jackal closely misses you.
The jackal bites you but does no damage.
The jackal closely misses you. The jackal barely misses you.
You hit the jackal but do no damage.
The jackal is severely wounded.
The jackal bites you. x2; The jackal barely misses you.
The jackal closely misses you. The jackal bites you.
The jackal attacks as you move away! The jackal bites you.
* * * LOW HITPOINT WARNING * * *
The jackal bites you.
* * * LOW HITPOINT WARNING * * *
Magic courses through your body. The jackal bites you.
* * * LOW HITPOINT WARNING * * *
Casting: Freeze (safe; 5% risk of failure)
Confirm with . or Enter, or press ? or * to list all spells.
Aiming: Freeze (safe; 5% risk of failure)
Press: ? - help, Shift-Dir - straight line, f - jackal, p - jackal
Aim: a jackal You freeze the jackal.
The jackal is moderately wounded.
The jackal bites you.
You die...

#.# #.# #.#######.#
#.......#.# #######....#
#........).#
....#.....########
#.#.#..[..........
######@#.#.....########
#...h#h#...#.#.#~~~~~~~
#..h.hh....#.#.#~♣P~~P♣
#....#.#.#.#.#.#~.♣~~P♣
#......#.#.#.#.#.#~♣P~~P♣
###....#.#.#...#.#~.♣~~PP
#....#.#.#####.#~.P~~PP
#....#.#.. #~P♣~~PP
######.### #~P♣~~.♣


You could see 3 jackals.

Vanquished Creatures
  A goblin (D:1)
1 creature vanquished.

Notes
Turn   | Place    | Note
-------+----------+-------------------------------------------
     0 | D:1      | NinjaNoafa the Ghoul Ice Elementalist began the quest for
                  | the Orb.
     0 | D:1      | Reached XP level 1. HP: 14/14 MP: 2/2
   121 | D:1      | Slain by a jackal

Illustrated notes

Levels and vault maps discovered:
D:1:      lightli_arrival_farm, layout_basic, serial_shops,
          nicolae_shop_hallway_stairs

Action                   || total
-------------------------++-------
Melee: Short sword       ||     3
 Cast: Freeze            ||     4
  Use: Potion            ||     1
Armor: Robe              ||     3
Dodge: Dodged            ||    12

Table legend: (Time is in decaauts)
 A = Elapsed time spent in this place.
 B = Non-inter-level travel time spent in this place.
 C = Inter-level travel time spent in this place.
 D = Time resting spent in this place.
 E = Time spent auto-exploring this place.
 F = Levels seen in this place.
 G = Mean time per level.
                   A        B        C        D        E       F      G
               +--------+--------+--------+--------+--------+-----+--------+
         Total |    136 |    136 |      0 |      0 |    115 |   1 |  136.0 |
       Dungeon |    136 |    136 |      0 |      0 |    115 |   1 |  136.0 |
               +--------+--------+--------+--------+--------+-----+--------+

Top non-repeatable levels by time:
     D:1: 136 daAuts
